 Dungeon Crawl Stone Soup version 0.22-a0-605-g9281fa2 (webtiles) character file.

72 Hebeh the Firebug (level 4, 0/24 HPs)
             Began as a Deep Elf Fire Elementalist on July 8, 2018.
             Was an Initiate of Vehumet.
             Slain by an orc wizard
             ... wielding a +0 dagger
              (3 damage)
             ... on level 3 of the Dungeon.
             The game lasted 00:09:26 (2004 turns).

Hebeh the Firebug (Deep Elf Fire Elementalist)      Turns: 2004, Time: 00:09:27

Health: 0/24       AC:  2    Str:  5    XL:     4   Next: 6%
Magic:  1/11       EV: 13    Int: 21    God:    Vehumet [......]
Gold:   116        SH:  0    Dex: 15    Spells: 4/10 levels left

rFire    . . .     SeeInvis .   k - +0 whip (elec)
rCold    . . .     Gourm    .   (no shield)
rNeg     . . .     Faith    .   a - +0 robe
rPois    .         Spirit   .   (no helmet)
rElec    .         Reflect  .   (no cloak)
rCorr    .         Harm     .   (no gloves)
MR       .....                  (no boots)
Stlth    ++........             (no amulet)
HPRegen  0.08/turn              (no ring)
MPRegen  0.12/turn              (no ring)

@: no status effects
A: no striking features
a: Renounce Religion


You were on level 3 of the Dungeon.
You worshipped Vehumet.
Vehumet was noncommittal.
You were not hungry.

You visited 1 branch of the dungeon, and saw 3 of its levels.

You collected 116 gold pieces.

Inventory:

Hand Weapons
 k - a +0 whip of electrocution (weapon)
Armour
 a - a +0 robe (worn)
Scrolls
 f - a scroll of magic mapping {unknown}
 h - a scroll of enchant weapon {unknown}
 i - 2 scrolls of identify {unknown}
 n - a scroll of fear {unknown}
 o - a scroll of blinking {unknown}
 p - a scroll of fog {unknown}
 q - a scroll of remove curse {unknown}
Potions
 b - 4 potions of curing {unknown}
 d - 2 potions of degeneration {unknown}
 e - a potion of berserk rage {unknown}
 g - a potion of agility {unknown}
 j - a potion of might {unknown}
 l - a potion of haste {unknown}
 m - a potion of magic {unknown}
Comestibles
 c - a ration


   Skills:
 - Level 2.4 Dodging
 + Level 2.6 Stealth
 + Level 3.8 Spellcasting
 * Level 3.0 Conjurations
 + Level 3.9 Fire Magic


You had 4 spell levels left.
You knew the following spells:

 Your Spells              Type           Power        Failure   Level  Hunger
a - Flame Tongue          Conj/Fire      ###..        3%          1    None
b - Throw Flame           Conj/Fire      ###...       4%          2    #......
c - Conjure Flame         Conj/Fire      ###.....     9%          3    ###....

Your spell library contained the following spells:

 Spells                   Type           Power        Failure   Level  Hunger
 Fireball                 Conj/Fire      ###.......   63%         5    ######.
 Sticky Flame             Conj/Fire      ###.....     28%         4    ####...
 Inner Flame              Hex/Fire       ##......     16%         3    ###....


Dungeon Overview and Level Annotations

Branches:
Dungeon (3/15)

Altars:
Makhleb
Ru
Vehumet
The Shining One


Message History

The flame tongue hits the orc.
You kill the orc!
Vehumet accepts your kill.
Things that are here:
a whip; a kobold corpse A bat comes into view.
The orc wizard gestures wildly while chanting.
The orc wizard flickers and vanishes!
Deactivating autopickup; reactivate with Ctrl-A.
Something hits you. Something barely misses you.
You closely miss something. Something hits you but does no damage.
Something hits you.
* * * LOW HITPOINT WARNING * * *
Casting: Flame Tongue (safe; 3% risk of failure)
Confirm with . or Enter, or press ? or * to list all spells.
You can't see any susceptible monsters within range! (Use Z to cast anyway.)
You barely miss something. Something hits you but does no damage.
You barely miss something. Something hits you.
You die...

#........####.#
##..#####.....#
...# #...#####
###.######.#######
. .................
..##.######.#######
#...... #...#
#.....##.###
#.......@{.##
#.....##.#).# ###
#.#### #.##.##)....
#.##.))....†
#.####...... #.#
#..... #.# .....
#.# b.## ..# ##


There were no monsters in sight!

Vanquished Creatures
  2 adders
  A dart slug (D:3)
  5 leopard geckos
  3 orcs (D:3)
  4 bats
  A giant cockroach (D:1)
  6 goblins
  2 hobgoblins (D:1)
  4 frilled lizards
  9 kobolds
  6 rats
43 creatures vanquished.

Notes
Turn   | Place    | Note
-------+----------+-------------------------------------------
     0 | D:1      | Hebeh the Deep Elf Fire Elementalist began the quest for the Orb.
     0 | D:1      | Reached XP level 1. HP: 10/10 MP: 6/6
   231 | D:1      | Reached XP level 2. HP: 15/15 MP: 2/8
   951 | D:2      | Learned a level 2 spell: Throw Flame
   955 | D:2      | Reached XP level 3. HP: 18/19 MP: 2/10
  1175 | D:2      | Found a burning altar of Makhleb.
  1491 | D:2      | Learned a level 3 spell: Conjure Flame
  1699 | D:2      | Found a glowing golden altar of the Shining One.
  1720 | D:2      | Found a sacrificial altar of Ru.
  1720 | D:2      | Found a radiant altar of Vehumet.
  1731 | D:2      | Became a worshipper of Vehumet
  1984 | D:3      | Reached XP level 4. HP: 14/24 MP: 3/11
  2004 | D:3      | Slain by an orc wizard

Vault maps used:
D:1:      kilobyte_arrival_exit_the_forest
D:2:      gammafunk_temple_overflow_pools, lemuel_doored_altar, bloody_makhleb
D:3:      kennysheep_goblin_castle

Skill      XL: |  1  2  3 |
---------------+----------+-----
Conjurations   | 2 3 |  3.0
Dodging        | |  2.4
Stealth        | |  2.6
Spellcasting   | |  3.8
Fire Magic     | |  3.9

Action                   |  1- 3 |  4- 6 || total
-------------------------+-------+-------++-------
Melee: Whip              |       |     4 ||     4
 Cast: Flame Tongue      |    49 |     3 ||    52
       Throw Flame       |    20 |     1 ||    21
  Eat: Chunk             |     4 |       ||     4
Armor: Robe              |     2 |     2 ||     4
Dodge: Dodged            |    10 |     2 ||    12

Table legend:
 A = Spawn XP
 B = Non-spawn XP
 C = Spawn XP percentage of total XP
 D = Spawn monster count
 E = Non-spawn monster count
 F = Spawn count percentage of total count
 G = Total turns spent on level
                    A         B        C        D         E        F      G
               +---------+---------+-------+---------+---------+-------+---------
         Total |       0 |     103 |   0.0 |       0 |      43 |   0.0 |  2004
               +---------+---------+-------+---------+---------+-------+---------
           D:1 |       0 |      31 |   0.0 |       0 |      17 |   0.0 |   927
           D:2 |       0 |      35 |   0.0 |       0 |      15 |   0.0 |   884
           D:3 |       0 |      37 |   0.0 |       0 |      11 |   0.0 |   193
               +---------+---------+-------+---------+---------+-------+---------
